 Dungeon Crawl Stone Soup version 0.30-a0-591-g3c58d2bc28 (webtiles) character file.

Game seed: 8683293330602335205

414 Citaku the Covered (level 6, 0/56 HPs)
             Began as a Minotaur Fighter on Jan 6, 2023.
             Was an Initiate of Trog.
             Slain by an orc warrior
             ... wielding a +0 flail
              (2 damage)
             ... on level 5 of the Dungeon.
             The game lasted 00:05:25 (4032 turns).

Citaku the Covered (Minotaur Fighter)               Turns: 4032, Time: 00:05:25

Health: 0/56       AC:  7    Str: 23      XL:     6   Next: 60%
Magic:  5/5        EV:  6    Int:  5      God:    Trog [......]
Gold:   216        SH: 10    Dex:  5 (9)  Spells: 5/5 levels left

rFire   . . .      SeeInvis .    a - +0 war axe
rCold   . . .      Faith    .    u - +0 tower shield
rNeg    . . .      Spirit   .    b - +0 scale mail
rPois   .          Reflect  .    (helmet restricted)
rElec   .          Harm     .    (no cloak)
rCorr   .          Rampage  .    (no gloves)
Will    .....                    (no boots) Stlth
                                 (no amulet)
HPRegen 0.29/turn                (no ring)
MPRegen 0.09/turn                (no ring)

@: no status effects
A: horns 2, retaliatory headbutt
a: Renounce Religion


You were on level 5 of the Dungeon.
You worshipped Trog.
Trog was noncommittal.
You visited 2 branches of the dungeon, and saw 6 of its levels.

You collected 216 gold pieces.

Inventory:

Hand Weapons
 a - a +0 war axe (weapon)
Armour
 b - a +0 scale mail (worn)
 u - a +0 tower shield (worn)
Wands
 s - a wand of flame (2)
 v - a wand of digging (7)
Scrolls
 c - 2 scrolls of fear {unknown}
 e - a scroll of blinking {unknown}
 f - 2 scrolls of silence {unknown}
 g - a scroll of amnesia {unknown}
 h - 2 scrolls of teleportation {unknown}
 j - 5 scrolls of identify {unknown}
 k - 2 scrolls of enchant armour {unknown}
 l - a scroll of vulnerability {unknown}
 m - a scroll of enchant weapon {unknown}
 p - a scroll of torment {unknown}
Potions
 d - 3 potions of might
 i - 2 potions of flight {unknown}
 n - 2 potions of curing {unknown}
 o - a potion of haste {unknown}
 q - 2 potions of mutation {unknown}
 r - a potion of heal wounds {unknown}
 t - a potion of brilliance {unknown}


   Skills:
 + Level 5.0 Fighting
 * Level 5.5 Axes
 * Level 6.2 Armour
 + Level 4.2 Shields


You had 5 spell levels left.
You didn't know any spells.
Your spell library contained the following spells:

 Spells                   Type           Power      Damage    Failure   Level
 Foxfire                  Conj/Fire      0%         2x1d4     100%        1
 Ensorcelled Hibernation  Hex/Ice        0%         N/A       100%        2
 Passwall                 Tmut/Erth      0%         N/A       100%        2
 Swiftness                Air            0%         N/A       100%        3
 Fireball                 Conj/Fire      0%         3d3       100%        5
 Starburst                Conj/Fire      0%         6d3       100%        6


Dungeon Overview and Level Annotations

Branches:
Dungeon (5/15)             Temple (1/1) D:4

Altars:
Ashenzari
Cheibriados
Dithmenos
Elyvilon
Fedhas
Gozag
Kikubaaqudgha
Nemelex Xobeh
Okawaru
Qazlal
Ru
Sif Muna
Trog
Uskayaw
Vehumet
Xom
Yredelemnul
Zin
The Shining One


Innate Abilities, Weirdness & Mutations

You have a pair of horns on your head.
You reflexively headbutt those who attack you in melee.


Message History

Trog accepts your kill.
You see here an iguana corpse.
HP restored.
You open the door.
There is an open door here.
You open the door.
There is an open door here.
An orc warrior and an orc come into view.
The orc warrior shouts!
The orc shouts!
You hear a shout!
An orc comes into view. It is wielding a +0 hand axe.
The orc warrior moves out of view.
The orc warrior closely misses you.
You hit the orc warrior. Your headbutt misses the orc warrior.
The orc warrior is moderately wounded.
The orc warrior hits you with a +0 flail!
The orc warrior hits you with a +0 flail.
You hit the orc warrior but do no damage.
You headbutt the orc warrior.
The orc warrior is moderately wounded.
The orc warrior barely misses you. You furiously retaliate!
You headbutt the orc warrior. You hit the orc warrior.
The orc warrior is severely wounded.
The orc warrior barely misses you.
The orc warrior hits you with a +0 flail!
You hit the orc warrior but do no damage.
Your headbutt misses the orc warrior.
The orc warrior is severely wounded.
The orc warrior hits you with a +0 flail!
An orc comes into view. It is wielding a +0 mace.
The orc warrior hits you with a +0 flail!
The orc shouts!
You barely miss the orc warrior.
The orc warrior is severely wounded.
The orc warrior hits you with a +0 flail!
* * * LOW HITPOINT WARNING * * *
You closely miss the orc warrior.
The orc warrior is severely wounded.
The orc warrior hits you with a +0 flail.
You die...

##### #...# #...# #
############...####..
.....................
.....................
#####...###........
#.### #.#########
#####'#####..@oo....#
####..........####......
...'............ ..#.#
####..........## .#
.......#+###### #
..####...#####
#.###†).......
#......#.###..
.......#.#


You could see an orc warrior and an orc.

Vanquished Creatures
  An ogre (D:5)
  2 quasits (D:4)
  A hound (D:3)
  2 iguanas
  An orc wizard (D:4)
  Ijyb (D:3)
  3 adders
  2 worms (D:3)
  4 dart slugs
  7 orcs (D:4)
  9 endoplasms
  5 giant cockroaches
  8 goblins
  6 hobgoblins
  5 jackals
  10 kobolds
  2 quokkas
  4 ball pythons
  6 bats
  6 frilled lizards
  6 rats
91 creatures vanquished.

Vanquished Creatures (others)
  8 plants (D:3)
8 creatures vanquished.

Grand Total: 99 creatures vanquished

Notes
Turn   | Place    | Note
-------+----------+-------------------------------------------
     0 | D:1      | Citaku the Minotaur Fighter began the quest for the Orb.
     0 | D:1      | Reached XP level 1. HP: 19/19 MP: 0/0
   233 | D:1      | Reached XP level 2. HP: 27/27 MP: 1/1
   284 | D:1      | Reached skill level 4 in Armour
   954 | D:2      | Reached XP level 3. HP: 31/33 MP: 2/2
  1384 | D:3      | Reached XP level 4. HP: 30/40 MP: 3/3
  1587 | D:3      | Noticed Ijyb
  1599 | D:3      | Killed Ijyb
  1600 | D:3      | Reached skill level 5 in Armour
  1840 | D:3      | Reached XP level 5. HP: 30/47 MP: 4/4
  2360 | D:4      | Found a staircase to the Ecumenical Temple.
  2379 | Temple   | Entered the Ecumenical Temple
  2527 | Temple   | Became a worshipper of Trog the Wrathful
  2676 | D:4      | HP: 1/47 [something (2)]
  3539 | D:4      | Reached skill level 5 in Axes
  3542 | D:4      | Reached XP level 6. HP: 32/55 MP: 5/5
  3811 | D:5      | Entered Level 5 of the Dungeon
  3823 | D:5      | Reached skill level 5 in Fighting
  3823 | D:5      | Reached skill level 6 in Armour
  4023 | D:5      | Noticed an orc warrior
  4031 | D:5      | HP: 1/56 [orc warrior/+0 flail (16)]
  4032 | D:5      | Slain by an orc warrior

Illustrated notes

Levels and vault maps discovered:
D:1:      lightli_arrival_statue_moat, layout_basic
D:2:      layout_rooms
D:3:      layout_loops_ring, serial_bayou_lake_a, uniq_ijyb
D:4:      cheibrodos_quashed, layout_layer_cave, minmay_temple_entry_waves
D:5:      layout_basic, uniq_prince_ribbit1
Temple:   compressed_dpeg_triangle_lava_temple

Skill      XL: |  1  2  3  4  5  6 |
---------------+-------------------+-----
Armour         | 4 5 6 |  6.2
Axes           | 3 4 5 |  5.5
Fighting       | 4 5 |  5.0
Shields        | 4 |  4.2

Action                   |  1- 3 |  4- 6 || total
-------------------------+-------+-------++-------
Melee: War axe           |    78 |   129 ||   207
       Headbutt          |     6 |    17 ||    23
Evoke: Wand              |       |     1 ||     1
  Use: Potion            |       |     1 ||     1
Armor: Scale mail        |    68 |   100 ||   168
Dodge: Dodged            |    64 |    72 ||   136
Block: Buckler           |    25 |     8 ||    33
       Tower shield      |       |    67 ||    67

Table legend: (Time is in decaauts)
 A = Elapsed time spent in this place.
 B = Non-inter-level travel time spent in this place.
 C = Inter-level travel time spent in this place.
 D = Time resting spent in this place.
 E = Time spent auto-exploring this place.
 F = Levels seen in this place.
 G = Mean time per level.
                   A        B        C        D        E       F      G
               +--------+--------+--------+--------+--------+-----+--------+
         Total |   4158 |   4158 |      0 |     79 |   3097 |   6 |  693.0 |
       Dungeon |   3973 |   3973 |      0 |     79 |   3000 |   5 |  794.6 |
        Temple |    185 |    185 |      0 |      0 |     97 |   1 |  185.0 |
               +--------+--------+--------+--------+--------+-----+--------+

Top non-repeatable levels by time:
     D:4: 1395 daAuts
     D:1: 961 daAuts
     D:3: 946 daAuts
     D:2: 438 daAuts
     D:5: 230 daAuts
  Temple: 185 daAuts
